Map: Frozen Temple

Players

guils

  • Race: Zerg Zerg
  • League: Gold

Blechfaust - Winner!

  • Race: Terran Terran
  • League: Gold

VOD

Have the link to the VOD?

Description

Time

  • Played on: April 9, 2016, 1:35 p.m.
  • Length: 8:10
Show
View Real Time Build Order
Export as new Build Order

guils Zerg 

Build Orders: Hatch First 

Get SALT Encoding   

  12  0:01  Drone  
  13  0:13  Overlord  
  13  0:18  Drone  
  14  0:31  Drone  
  14  0:32  Drone  
  16  0:52  Hatchery  
  15  0:59  Drone  
  15  1:02  Extractor  
  15  1:11  Spawning Pool  
  15  1:15  Drone  
  15  1:22  Drone  
  15  1:23  Drone  
  17  1:30  Drone  
  18  1:41  Overlord  
  18  1:52  Drone  
  19  1:58  Queen  
  21  2:04  Queen  
  23  2:10  Metabolic Boost  
  23  2:21  Zergling x2  
  23  2:22  Zergling x2  
  25  2:34  Zergling x6  
  28  2:57  Drone x6  
  34  3:00  Queen  
  36  3:06  Overlord  
  36  3:23  Queen  
  36  3:24  Overlord  
  36  3:25  Drone  
  36  3:26  Drone x2  
  41  3:28  Drone  
  42  3:49  Evolution Chamber, Roach Warren  
  42  3:53  Overlord  
  42  3:54  Drone, Overlord  
  42  3:55  Drone x3  
  44  4:23  Spore Crawler  
  43  4:25  Spore Crawler, Overlord  
  43  4:30  Roach x8  
  57  4:49  Drone x6  
  57  4:50  Extractor  
  62  5:03  Overlord x2  
  62  5:05  Drone x2  
  64  5:14  Baneling Nest  
  63  5:22  Extractor, Overlord  
  63  5:25  Roach  
  63  5:26  Roach x4  
  72  5:35  Overlord  
  72  5:41  Overlord  
  72  5:43  Extractor  
  72  5:46  Drone  
  72  5:47  Drone x3, Spine Crawler  
  72  5:49  Spine Crawler  
  73  6:06  Overlord  
  73  6:13  Lair  
  71  6:21  Hatchery  
  70  6:27  Roach x5  
  80  6:36  Zergling x6  
  80  6:37  Zergling x2  
  84  6:46  Zergling x2  
  84  6:47  Zergling x10  
  89  6:58  Zergling x4  
  38  7:16  Roach x3  
  38  7:17  Roach x2  
  30  7:26  Zergling x4  
  29  7:49  Baneling x2  
  29  7:50  Zergling x2  
  29  7:51  Zergling x6  
Show
View Real Time Build Order
Export as new Build Order

Blechfaust Terran - Winner!

Build Orders: MMM Bio 

Get SALT Encoding   

  12  0:01  SCV  
  13  0:13  SCV  
  14  0:18  Supply Depot  
  14  0:25  SCV  
  15  0:40  SCV  
  15  0:42  Barracks  
  16  0:47  Refinery  
  16  0:54  SCV  
  17  1:06  SCV  
  17  1:09  Barracks  
  19  1:18  SCV  
  19  1:31  Marine, Orbital Command  
  20  1:39  Supply Depot  
  20  1:47  Refinery  
  20  1:57  Barracks Tech Lab  
  20  1:58  Barracks Reactor  
  20  2:16  Engineering Bay  
  20  2:18  Marine, Stimpack  
  21  2:23  SCV  
  22  2:35  SCV  
  23  2:38  Marine x2  
  23  2:41  Supply Depot  
  25  2:45  Terran Infantry Weapons Level 1  
  25  2:49  Marine  
  26  2:52  SCV  
  27  3:07  Marine  
  27  3:12  Factory  
  28  3:13  SCV  
  28  3:17  Marauder  
  31  3:28  Supply Depot  
  31  3:30  Marine x2  
  33  3:39  Marauder  
  35  3:52  Marine x2  
  37  4:00  Starport  
  37  4:01  Supply Depot  
  37  4:04  Marauder  
  39  4:10  Marine x2  
  41  4:20  Combat Shields  
  41  4:25  Marauder  
  41  4:27  Marine  
  41  4:28  Marine  
  45  4:36  Medivac  
  47  4:44  Terran Infantry Armor Level 1  
  47  4:45  Marine x2, Supply Depot  
  47  4:48  Marauder  
  51  5:00  Supply Depot  
  51  5:05  Marine x2  
  51  5:06  Medivac  
  55  5:09  Supply Depot  
  55  5:10  Marauder  
  57  5:23  Marine x2  
  59  5:31  Marauder  
  59  5:33  Supply Depot  
  61  5:36  Medivac  
  61  5:39  Concussive Shells  
  61  5:42  Marine x2  
  65  5:52  Marauder  
  67  5:58  Supply Depot  
  67  6:04  Marine x2  
  67  6:06  Medivac  
  71  6:22  Marine, Marauder  
  71  6:23  Marine  
  75  6:36  Supply Depot  
  75  6:37  Medivac  
  77  6:40  Marine  
  77  6:41  Marine  
  77  6:44  Marauder  
  81  6:58  Marine  
  81  6:59  Marine  
  77  7:05  Marauder  
  77  7:07  Medivac  
  71  7:15  Marine  
  71  7:17  Marine  
  73  7:27  Marauder  
  75  7:33  Marine  
  75  7:34  Marine  
  77  7:37  Medivac  
  79  7:52  Marine x2  
Tags
 
Composition
MMM Bio
League
GoldGold
Matchup
TvZ
Add a new tag
Caveats
  • Supply blocks, unpowered buildings, or Contaminate may cause inaccurate times.
  • Supply counts are checked every 10 seconds.